 Dungeon Crawl Stone Soup version 0.21.1-1-g345015f (webtiles) character file.

52931 tidbits the Thaumaturge (level 14, -4/108 HPs)
             Began as a Gnoll Venom Mage on Feb 7, 2018.
             Was a High Priest of Cheibriados.
             Slain by a water elemental (10 damage)
             ... on level 2 of the Elven Halls.
             The game lasted 01:04:51 (4449 turns).

tidbits the Thaumaturge (Gnoll Venom Mage)          Turns: 4449, Time: 01:04:51

Health: -4/108     AC: 14    Str: 24    XL:     14   Next: 66%
Magic:  32/37      EV: 21    Int: 35    God:    Cheibriados [*****.]
Gold:   445        SH: 13    Dex: 28    Spells: 8/33 levels left

rFire    . . .     SeeInvis .   a - +6 war axe (vamp)
rCold    . . .     Gourm    .   D - +0 shield of Elyvilon's Hope {+Inv MP+9 Str+2}
rNeg     . . .     Faith    .   B - +4 troll leather armour
rPois    .         Spirit   .   E - +2 helmet
rElec    .         Reflect  .   (no cloak)
rCorr    +         Harm     .   G - +0 pair of gloves
MR       ++...                  (no boots)
Stlth    +++++.....             (no amulet)
HPRegen  0.68/turn              K - ring of resist corrosion
MPRegen  0.25/turn              Q - ring of protection from magic

@: engulfed (cannot breathe), very slow
A: distributed training, fangs 1, strong nose
a: Bend Time, Temporal Distortion, Slouch, Step From Time, Renounce Religion,
Evoke Invisibility


You were on level 2 of the Elven Halls.
You worshipped Cheibriados.
Cheibriados was extremely pleased with you.
You were not hungry.

You visited 3 branches of the dungeon, and saw 14 of its levels.
You also visited: Sewer and Bailey.

You collected 3019 gold pieces.
You spent 2574 gold pieces at shops.

Inventory:

Hand Weapons
 a - a +6 vampiric war axe (weapon)
   (You took it off an orc warrior on level 2 of the Orcish Mines)
 b - a +0 war axe
 e - a +0 hunting sling
 m - a +0 dagger
 q - a +1 scimitar of flaming
   (You took it off Azrael on level 2 of the Orcish Mines)
 u - a +0 shortbow
 y - a +0 blowgun
 N - a cursed +3 great sword
 O - a +0 hunting sling
 S - a +4 scimitar of flaming
   (You took it off Erica on level 9 of the Dungeon)
 T - a +0 battleaxe of venom
   (You took it off an orc warrior on level 2 of the Orcish Mines)
Missiles
 f - 62 stones
 n - 2 throwing nets {!f}
 o - 34 tomahawks (quivered)
 v - 64 arrows
 A - 2 poisoned needles
 P - 14 sling bullets
Armour
 p - a +2 robe of cold resistance
   (You took it off an orc sorcerer on level 2 of the Orcish Mines)
 x - a +0 buckler
 B - a +4 troll leather armour (worn)
 D - the +0 shield of Elyvilon's Hope (worn) {+Inv MP+9 Str+2}
   (You found it in a sewer)

   It affects your strength (+2).
   It affects your magic capacity (+9).
   It lets you turn invisible.
 E - a +2 helmet (worn)
 G - a +0 pair of gloves (worn)
 L - the +3 shield "Fopod" {SInv Stlth+}
   (You bought it in a shop on level 2 of the Orcish Mines)

   It lets you see invisible.
   It makes you more stealthy.
 Z - a +0 robe of magic resistance
   (You took it off an orc sorcerer on level 1 of the Orcish Mines)
Magical Staves
 M - an uncursed staff of poison
   (You found it on level 7 of the Dungeon)
 Y - an uncursed staff of air {unknown}
   (You found it on level 1 of the Elven Halls)
Jewellery
 K - a ring of resist corrosion (left hand)
   (You found it on level 2 of the Dungeon)
 Q - a ring of protection from magic (right hand)
   (You found it on level 8 of the Dungeon)
Wands
 d - a wand of digging (13)
 J - a wand of polymorph (10)
 W - a wand of scattershot (5)
 X - a wand of flame (27)
Scrolls
 h - a scroll of teleportation
 i - a scroll of summoning
 r - 3 scrolls of remove curse
 s - 4 scrolls of amnesia
 w - a scroll of holy word
 C - a scroll of noise
 F - 2 scrolls of fear
 H - 2 scrolls of immolation
 I - a scroll of brand weapon
Potions
 g - a potion of resistance
 k - 10 potions of curing
 l - 5 potions of brilliance
 t - 2 potions of flight
 z - a potion of lignification
 V - 3 potions of heal wounds
Books
 j - a book of Frost
   (You found it on level 8 of the Dungeon)

   Spells                             Type                      Level
   a - Freeze                         Ice                          1
   b - Throw Frost                    Conjuration/Ice              2
   c - Ozocubu's Armour               Charms/Ice                   3
   d - Throw Icicle                   Conjuration/Ice              4
   e - Summon Ice Beast               Ice/Summoning                4
 R - a Young Poisoner's Handbook

   Spells                             Type                      Level
   a - Sting                          Conjuration/Poison           1
   b - Poisonous Vapours              Poison/Air                   2
   c - Mephitic Cloud                 Conjuration/Poison/Air       3
   d - Olgreb's Toxic Radiance        Poison                       4
   e - Venom Bolt                     Conjuration/Poison           5
 U - the Catalogue of Stones
   (You bought it in a shop on level 2 of the Elven Halls)

   Spells                             Type                      Level
   a - Passwall                       Transmutation/Earth          2
   b - Petrify                        Transmutation/Earth          4
   c - Borgnjor's Vile Clutch         Necromancy/Earth             5
   d - Shatter                        Earth                        9
Comestibles
 c - 15 rations


   Skills:
 + Level 9.0 Fighting
 + Level 9.0 Short Blades
 + Level 9.0 Long Blades
 + Level 9.0 Axes
 + Level 9.0 Maces & Flails
 + Level 9.0 Polearms
 + Level 9.0 Staves
 + Level 9.0 Slings
 + Level 9.0 Bows
 + Level 9.0 Crossbows
 + Level 9.0 Throwing
 + Level 9.0 Armour
 + Level 10.1 Dodging
 + Level 10.0 Stealth
 + Level 9.0 Shields
 + Level 9.0 Unarmed Combat
 + Level 10.3 Spellcasting
 + Level 7.9 Conjurations
 + Level 7.5 Hexes
 + Level 7.5 Charms
 + Level 7.5 Summonings
 + Level 7.5 Necromancy
 + Level 7.5 Translocations
 + Level 7.5 Transmutations
 + Level 7.5 Fire Magic
 + Level 7.5 Ice Magic
 + Level 7.5 Air Magic
 + Level 7.5 Earth Magic
 + Level 9.4 Poison Magic
 + Level 9.8 Invocations
 + Level 9.0 Evocations


You had 8 spell levels left.
You knew the following spells:

 Your Spells              Type           Power        Failure   Level  Hunger
a - Sting                 Conj/Pois      ####         1%          1    None
j - Venom Bolt            Conj/Pois      ######....   4%          5    ##.....
m - Mephitic Cloud        Conj/Pois/Air  ######..     1%          3    None
o - Poisonous Vapours     Pois/Air       ######       1%          2    None
p - Passwall              Tmut/Erth      ######....   1%          2    None
v - Borgnjor's Vile Clut  Necr/Erth      ######....   7%          5    ##.....
z - Ozocubu's Armour      Chrm/Ice       ######..     1%          3    None
O - Olgreb's Toxic Radia  Pois           ######..     1%          4    None


Dungeon Overview and Level Annotations

Branches:
Dungeon (10/15)            Temple (0/1) D:5            Lair (0/6) D:8
    Orc (2/2) D:9             Elf (2/3) Orc:2

Altars:
Cheibriados
Makhleb
Okawaru
Trog
Vehumet
Beogh

Shops:
D:5 =   D:6 (   D:7 *   Orc:2 %?[(   Elf:2 :

Annotations:
D:3 Terence
D:8 exclusion: gnoll, Gastronok


Innate Abilities, Weirdness & Mutations

Your experience applies equally to all skills.
You have very sharp teeth.
Your uncanny sense of smell can sniff out nearby items.


Message History

You start memorising the spell.
You continue memorising. x2
You finish memorising.
Spell assigned to 'p'.
Okay, then.
You eat one of the 16 rations.
That ration really hit the spot!
You open the door.
There is an open door here.
As you open the door, it creaks loudly!
A deep elf mage and 2 water elementals come into view.
The deep elf mage shouts!
Found a ration.
The water elemental misses you.
The deep elf mage mumbles some strange words.
The deep elf mage blinks!
You block the water elemental's attack.
The deep elf mage gestures at you while chanting.
The bolt of lightning hits you!
There is an open door here.
Unknown command.
You slice the deep elf mage!! You bite the deep elf mage.
The deep elf mage is heavily wounded.
You hit the water elemental but do no damage.
You slash the water elemental! The water elemental hits you.
The water elemental engulfs you in water!
You block the water elemental's attack. You block the deep elf mage's attack.
You slash the deep elf mage!
The deep elf mage is severely wounded.
You hit the water elemental. x2
Your lungs strain for air!
The water elemental hits you! The water elemental misses you.
The deep elf mage gestures at you while chanting.
The bolt of lightning hits you!
You slash the deep elf mage!
You feel better.
You kill the deep elf mage!
Cheibriados thoroughly appreciates the change of pace.
Your Stealth skill increases to level 10!
You barely miss the water elemental. You closely miss the water elemental.
Your lungs strain for air!
The water elemental barely misses you.
You block the water elemental's attack. x2
You slash the water elemental!
You bite the water elemental, but do no damage.
The water elemental is heavily damaged.
You hit the water elemental.
* * * LOW HITPOINT WARNING * * *
Your lungs strain for air!
The water elemental barely misses you. The water elemental closely misses you.
You block the water elemental's attack.
With effort, you pull free of the water engulfing you.
You gasp with relief as air once again reaches your lungs.
The water elemental misses you.
You closely miss the water elemental. Your bite misses the water elemental.
The water elemental is heavily damaged.
You block the water elemental's attack. The water elemental hits you!
* * * LOW HITPOINT WARNING * * *
The water elemental engulfs you in water!
You slash the water elemental!
You bite the water elemental, but do no damage.
The water elemental is almost destroyed.
* * * LOW HITPOINT WARNING * * *
Your lungs strain for air!
You block the water elemental's attack.
You slash the water elemental!
You destroy the water elemental!
Cheibriados thoroughly appreciates the change of pace.
You gasp with relief as air once again reaches your lungs.
You hit the water elemental.
The water elemental is moderately damaged.
You block the water elemental's attack.
You barely miss the water elemental.
The water elemental is moderately damaged.
The water elemental closely misses you.
You hit the water elemental but do no damage.
The water elemental is moderately damaged.
The water elemental hits you.
The water elemental engulfs you in water!
You slash the water elemental!
You bite the water elemental, but do no damage.
The water elemental is heavily damaged.
* * * LOW HITPOINT WARNING * * *
Your lungs strain for air!
You block the water elemental's attack.
You barely miss the water elemental.
The water elemental is heavily damaged.
* * * LOW HITPOINT WARNING * * *
Your lungs strain for air!
You block the water elemental's attack.
You hit the water elemental. You bite the water elemental.
The water elemental is heavily damaged.
* * * LOW HITPOINT WARNING * * *
Your lungs strain for air!
The water elemental hits you.
You hit the water elemental. You bite the water elemental.
The water elemental is severely damaged.
* * * LOW HITPOINT WARNING * * *
Your lungs strain for air!
You block the water elemental's attack.
You hit the water elemental.
The water elemental is severely damaged.
* * * LOW HITPOINT WARNING * * *
Your lungs strain for air!
The water elemental hits you!
You die...

## #### ##.###
##...## .....##
##...%.##
.......
#.......#
.......
#.......#
....... .......#
....... #.)...#
....... ##E...#
.....#'#
##@##+##
##.####.# ##.##
# #.#####.##
#########.#.#.##
............'##
##########...#
#...# #+###


You could see a water elemental.

Vanquished Creatures
  2 deep elf sorcerers
  2 orc warlords (Orc:2)
  Azrael (Orc:2)
  Erica (D:9)
  3 two-headed ogres
  A dancing weapon (Elf:2)
  2 orc high priests
  5 deep elf knights (Elf:2)
  2 deep elf archers (Elf:2)
  22 deep elf magi
  Pikel (D:5)
  5 orc knights
  3 orc sorcerers
  Joseph (D:8)
  The ghost of doot the Digger, a novice FoEE of Ashenzari (D:5)
  2 trolls
  Grinder (D:5)
  A hornet (D:10)
  A hippogriff (D:9)
  A water elemental (Elf:2)
  A wyvern (D:10)
  4 fire elementals (Orc:2)
  Grum (D:10)
  2 wargs
  A soldier ant (shapeshifter) (D:10)
  2 hell hounds (Orc:2)
  38 orc warriors
  3 slaves (D:5)
  A phantom (D:6)
  10 ogres
  4 wolves (D:10)
  2 centaurs (D:5)
  4 big kobolds
  A bullfrog (D:7)
  A scorpion (D:7)
  3 wights (D:6)
  8 killer bees (D:8)
  A howler monkey (D:9)
  A crimson imp (D:10)
  A jelly (D:6)
  17 orc priests
  15 orc wizards
  3 iguanas
  3 worker ants
  A worker ant zombie (D:10)
  4 gnolls (D:8)
  7 adders
  6 river rats (Sewer)
  3 shadow imps
  3 oozes (Sewer)
  An adder zombie (D:9)
  An adder skeleton (D:4)
  2 worms
  A dart slug (D:3)
  3 leopard geckos
  99 orcs
  2 ball pythons (Sewer)
  4 giant cockroaches
  2 goblins
  3 hobgoblins
  11 jackals
  15 kobolds
  A quokka (D:4)
  A bat (D:3)
  2 frilled lizards
  21 rats
378 creatures vanquished.

Vanquished Creatures (collateral kills)
  Saint Roka (Orc:2)
  An orc warrior (Orc:2)
2 creatures vanquished.

Vanquished Creatures (others)
  A deep elf knight (Elf:2)
  A deep elf mage (Elf:1)
  A crimson imp (D:5)
  A jackal (D:8)
4 creatures vanquished.

Grand Total: 384 creatures vanquished

Notes
Turn   | Place    | Note
-------+----------+-------------------------------------------
     0 | D:1      | tidbits the Gnoll Venom Mage began the quest for the Orb.
     0 | D:1      | Reached XP level 1. HP: 13/13 MP: 6/6
    82 | D:2      | Reached skill level 2 in Conjurations
   172 | D:2      | Found a burning altar of Makhleb.
   190 | D:2      | Reached XP level 2. HP: 19/19 MP: 5/7
   194 | D:2      | Learned a level 2 spell: Poisonous Vapours
   223 | D:3      | Found a snail-covered altar of Cheibriados.
   229 | D:3      | Became a worshipper of Cheibriados the Contemplative
   296 | D:3      | Noticed a howler monkey
   457 | D:1      | Reached XP level 3. HP: 10/25 MP: 1/9
   647 | D:3      | Reached skill level 5 in Spellcasting
   668 | D:3      | Reached skill level 1 in Invocations
   677 | D:4      | Reached skill level 1 in Fighting
   677 | D:4      | Reached skill level 1 in Short Blades
   677 | D:4      | Reached skill level 1 in Long Blades
   677 | D:4      | Reached skill level 1 in Axes
   677 | D:4      | Reached skill level 1 in Maces & Flails
   677 | D:4      | Reached skill level 1 in Polearms
   677 | D:4      | Reached skill level 1 in Staves
   677 | D:4      | Reached skill level 1 in Slings
   677 | D:4      | Reached skill level 1 in Bows
   677 | D:4      | Reached skill level 1 in Crossbows
   677 | D:4      | Reached skill level 1 in Throwing
   677 | D:4      | Reached skill level 1 in Armour
   677 | D:4      | Reached skill level 1 in Shields
   677 | D:4      | Reached skill level 1 in Unarmed Combat
   677 | D:4      | Reached skill level 1 in Evocations
   677 | D:4      | Reached XP level 4. HP: 23/32 MP: 2/11
   737 | D:3      | Noticed an ogre
   738 | D:3      | Noticed Terence
   751 | D:3      | Killed an ogre
   751 | D:3      | Reached skill level 1 in Hexes
   751 | D:3      | Reached skill level 1 in Charms
   751 | D:3      | Reached skill level 1 in Summonings
   751 | D:3      | Reached skill level 1 in Necromancy
   751 | D:3      | Reached skill level 1 in Translocations
   751 | D:3      | Reached skill level 1 in Transmutations
   751 | D:3      | Reached skill level 1 in Fire Magic
   751 | D:3      | Reached skill level 1 in Ice Magic
   751 | D:3      | Reached skill level 1 in Air Magic
   751 | D:3      | Reached skill level 1 in Earth Magic
   751 | D:3      | Reached XP level 5. HP: 25/37 MP: 0/12
   763 | D:5      | Entered Level 5 of the Dungeon
   763 | D:5      | Found a staircase to the Ecumenical Temple.
   788 | D:5      | Noticed a centaur
   795 | D:5      | Reached * piety under Cheibriados
   864 | D:4      | Learned a level 3 spell: Mephitic Cloud
   869 | D:4      | Learned a level 4 spell: Olgreb's Toxic Radiance
   971 | D:5      | Noticed an ogre
   979 | D:5      | Killed an ogre
   979 | D:5      | Reached skill level 2 in Invocations
   979 | D:5      | Reached XP level 6. HP: 12/44 MP: 5/13
  1150 | D:6      | Noticed a sky beast
  1177 | D:5      | HP: 2/44 [centaur/arrow (12)]
  1182 | D:5      | Reached skill level 2 in Fighting
  1182 | D:5      | Reached skill level 2 in Short Blades
  1182 | D:5      | Reached skill level 2 in Long Blades
  1182 | D:5      | Reached skill level 2 in Axes
  1182 | D:5      | Reached skill level 2 in Maces & Flails
  1182 | D:5      | Reached skill level 2 in Polearms
  1182 | D:5      | Reached skill level 2 in Staves
  1182 | D:5      | Reached skill level 2 in Slings
  1182 | D:5      | Reached skill level 2 in Bows
  1182 | D:5      | Reached skill level 2 in Crossbows
  1182 | D:5      | Reached skill level 2 in Throwing
  1182 | D:5      | Reached skill level 2 in Armour
  1182 | D:5      | Reached skill level 5 in Dodging
  1182 | D:5      | Reached skill level 2 in Shields
  1182 | D:5      | Reached skill level 2 in Unarmed Combat
  1182 | D:5      | Reached skill level 2 in Evocations
  1282 | D:5      | Found Wifar's Jewellery Shop.
  1297 | D:5      | Noticed Grinder
  1301 | D:5      | Reached XP level 7. HP: 41/50 MP: 15/15
  1302 | D:5      | Paralysed by Grinder for 2 turns
  1304 | D:5      | Killed Grinder
  1304 | D:5      | Reached skill level 3 in Conjurations
  1304 | D:5      | Reached skill level 2 in Hexes
  1304 | D:5      | Reached skill level 2 in Charms
  1304 | D:5      | Reached skill level 2 in Summonings
  1304 | D:5      | Reached skill level 2 in Necromancy
  1304 | D:5      | Reached skill level 2 in Translocations
  1304 | D:5      | Reached skill level 2 in Transmutations
  1304 | D:5      | Reached skill level 2 in Fire Magic
  1304 | D:5      | Reached skill level 2 in Ice Magic
  1304 | D:5      | Reached skill level 2 in Air Magic
  1304 | D:5      | Reached skill level 2 in Earth Magic
  1312 | D:5      | Found a glowing drain.
  1322 | Sewer    | Entered a sewer
  1360 | Sewer    | Reached skill level 5 in Stealth
  1360 | Sewer    | Reached skill level 3 in Invocations
  1402 | Sewer    | Reached ** piety under Cheibriados
  1454 | Sewer    | Got a scorched shield
  1460 | Sewer    | Identified the +0 shield of Elyvilon's Hope {+Inv MP+9 Str+2} (You found it in a sewer)
  1506 | Sewer    | Reached XP level 8. HP: 44/57 MP: 16/16
  1530 | Sewer    | Reached *** piety under Cheibriados
  1530 | Sewer    | Reached skill level 6 in Poison Magic
  1535 | Sewer    | Reached skill level 3 in Fighting
  1535 | Sewer    | Reached skill level 3 in Short Blades
  1535 | Sewer    | Reached skill level 3 in Long Blades
  1535 | Sewer    | Reached skill level 3 in Axes
  1535 | Sewer    | Reached skill level 3 in Maces & Flails
  1535 | Sewer    | Reached skill level 3 in Polearms
  1535 | Sewer    | Reached skill level 3 in Staves
  1535 | Sewer    | Reached skill level 3 in Slings
  1535 | Sewer    | Reached skill level 3 in Bows
  1535 | Sewer    | Reached skill level 3 in Crossbows
  1535 | Sewer    | Reached skill level 3 in Throwing
  1535 | Sewer    | Reached skill level 3 in Armour
  1535 | Sewer    | Reached skill level 3 in Shields
  1535 | Sewer    | Reached skill level 3 in Unarmed Combat
  1535 | Sewer    | Reached skill level 3 in Evocations
  1675 | D:5      | Noticed doot's ghost (novice FoEE)
  1683 | D:5      | Killed doot's ghost
  1683 | D:5      | Reached skill level 6 in Spellcasting
  1703 | D:5      | Noticed Pikel
  1707 | D:5      | Killed Pikel
  1707 | D:5      | Reached skill level 6 in Dodging
  1707 | D:5      | Reached skill level 3 in Hexes
  1707 | D:5      | Reached skill level 3 in Charms
  1707 | D:5      | Reached skill level 3 in Summonings
  1707 | D:5      | Reached skill level 3 in Necromancy
  1707 | D:5      | Reached skill level 3 in Translocations
  1707 | D:5      | Reached skill level 3 in Transmutations
  1707 | D:5      | Reached skill level 3 in Fire Magic
  1707 | D:5      | Reached skill level 3 in Ice Magic
  1707 | D:5      | Reached skill level 3 in Air Magic
  1707 | D:5      | Reached skill level 3 in Earth Magic
  1707 | D:5      | Reached skill level 4 in Invocations
  1707 | D:5      | Reached XP level 9. HP: 32/65 MP: 18/18
  1880 | D:8      | Reached skill level 4 in Fighting
  1880 | D:8      | Reached skill level 4 in Short Blades
  1880 | D:8      | Reached skill level 4 in Long Blades
  1880 | D:8      | Reached skill level 4 in Axes
  1880 | D:8      | Reached skill level 4 in Maces & Flails
  1880 | D:8      | Reached skill level 4 in Polearms
  1880 | D:8      | Reached skill level 4 in Staves
  1880 | D:8      | Reached skill level 4 in Slings
  1880 | D:8      | Reached skill level 4 in Bows
  1880 | D:8      | Reached skill level 4 in Crossbows
  1880 | D:8      | Reached skill level 4 in Throwing
  1880 | D:8      | Reached skill level 4 in Armour
  1880 | D:8      | Reached skill level 4 in Shields
  1880 | D:8      | Reached skill level 4 in Unarmed Combat
  1880 | D:8      | Reached skill level 4 in Conjurations
  1880 | D:8      | Reached skill level 4 in Evocations
  1948 | D:7      | Found Plog's Assorted Antiques.
  1964 | D:7      | Bought a scroll labeled QALOIN EPASCH for 30 gold pieces
  1964 | D:7      | Bought a cyan potion for 27 gold pieces
  1964 | D:7      | Bought a gold wand for 120 gold pieces
  2012 | D:6      | Reached **** piety under Cheibriados
  2012 | D:6      | Reached skill level 6 in Stealth
  2042 | D:6      | Found Vyxasunk's Weapon Emporium.
  2104 | D:8      | Found a bloodstained altar of Trog.
  2112 | D:8      | Noticed Gastronok
  2141 | D:8      | Noticed Joseph
  2156 | D:8      | Killed Joseph
  2156 | D:8      | Reached skill level 5 in Invocations
  2163 | D:8      | Found a staircase to the Lair.
  2199 | D:8      | Found an iron altar of Okawaru.
  2206 | D:8      | Noticed a two-headed ogre
  2217 | D:8      | Noticed a two-headed ogre
  2230 | D:8      | Killed a two-headed ogre
  2230 | D:8      | Reached skill level 7 in Spellcasting
  2230 | D:8      | Reached skill level 4 in Hexes
  2230 | D:8      | Reached skill level 4 in Charms
  2230 | D:8      | Reached skill level 4 in Summonings
  2230 | D:8      | Reached skill level 4 in Necromancy
  2230 | D:8      | Reached skill level 4 in Translocations
  2230 | D:8      | Reached skill level 4 in Transmutations
  2230 | D:8      | Reached skill level 4 in Fire Magic
  2230 | D:8      | Reached skill level 4 in Ice Magic
  2230 | D:8      | Reached skill level 4 in Air Magic
  2230 | D:8      | Reached skill level 4 in Earth Magic
  2230 | D:8      | Reached XP level 10. HP: 11/73 MP: 3/20
  2246 | D:8      | Killed a two-headed ogre
  2246 | D:8      | Reached skill level 5 in Fighting
  2246 | D:8      | Reached skill level 5 in Short Blades
  2246 | D:8      | Reached skill level 5 in Long Blades
  2246 | D:8      | Reached skill level 5 in Axes
  2246 | D:8      | Reached skill level 5 in Maces & Flails
  2246 | D:8      | Reached skill level 5 in Polearms
  2246 | D:8      | Reached skill level 5 in Staves
  2246 | D:8      | Reached skill level 5 in Slings
  2246 | D:8      | Reached skill level 5 in Bows
  2246 | D:8      | Reached skill level 5 in Crossbows
  2246 | D:8      | Reached skill level 5 in Throwing
  2246 | D:8      | Reached skill level 5 in Armour
  2246 | D:8      | Reached skill level 5 in Shields
  2246 | D:8      | Reached skill level 5 in Unarmed Combat
  2246 | D:8      | Reached skill level 7 in Poison Magic
  2246 | D:8      | Reached skill level 5 in Evocations
  2260 | D:8      | Learned a level 3 spell: Ozocubu's Armour
  2336 | D:9      | Found a flagged portal.
  2358 | D:9      | Reached skill level 7 in Dodging
  2362 | Bailey   | Entered a bailey
  2403 | Bailey   | Reached ***** piety under Cheibriados
  2488 | Bailey   | Noticed an orc knight
  2488 | Bailey   | Noticed an orc knight
  2494 | Bailey   | Reached skill level 5 in Conjurations
  2501 | Bailey   | Noticed an orc knight
  2501 | Bailey   | Killed an orc knight
  2501 | Bailey   | Reached skill level 7 in Stealth
  2501 | Bailey   | Reached skill level 6 in Invocations
  2502 | Bailey   | Killed an orc knight
  2508 | Bailey   | Noticed an orc knight
  2524 | Bailey   | Killed an orc knight
  2524 | Bailey   | Reached XP level 11. HP: 58/81 MP: 1/22
  2528 | Bailey   | Killed an orc knight
  2636 | D:9      | Noticed Erica
  2664 | D:9      | Killed Erica
  2664 | D:9      | Reached skill level 6 in Fighting
  2664 | D:9      | Reached skill level 6 in Short Blades
  2664 | D:9      | Reached skill level 6 in Long Blades
  2664 | D:9      | Reached skill level 6 in Axes
  2664 | D:9      | Reached skill level 6 in Maces & Flails
  2664 | D:9      | Reached skill level 6 in Polearms
  2664 | D:9      | Reached skill level 6 in Staves
  2664 | D:9      | Reached skill level 6 in Slings
  2664 | D:9      | Reached skill level 6 in Bows
  2664 | D:9      | Reached skill level 6 in Crossbows
  2664 | D:9      | Reached skill level 6 in Throwing
  2664 | D:9      | Reached skill level 6 in Armour
  2664 | D:9      | Reached skill level 6 in Shields
  2664 | D:9      | Reached skill level 6 in Unarmed Combat
  2664 | D:9      | Reached skill level 6 in Evocations
  2686 | D:9      | Found a radiant altar of Vehumet.
  2790 | D:9      | Noticed a two-headed ogre
  2798 | D:9      | Killed a two-headed ogre
  2798 | D:9      | Reached skill level 8 in Spellcasting
  2798 | D:9      | Reached skill level 5 in Hexes
  2798 | D:9      | Reached skill level 5 in Charms
  2798 | D:9      | Reached skill level 5 in Summonings
  2798 | D:9      | Reached skill level 5 in Necromancy
  2798 | D:9      | Reached skill level 5 in Translocations
  2798 | D:9      | Reached skill level 5 in Transmutations
  2798 | D:9      | Reached skill level 5 in Fire Magic
  2798 | D:9      | Reached skill level 5 in Ice Magic
  2798 | D:9      | Reached skill level 5 in Air Magic
  2798 | D:9      | Reached skill level 5 in Earth Magic
  2850 | D:9      | Found a staircase to the Orcish Mines.
  2857 | D:9      | Found a roughly hewn altar of Beogh.
  2864 | D:10     | Entered Level 10 of the Dungeon
  2864 | D:10     | Noticed Grum
  2875 | D:10     | Killed Grum
  3064 | Orc:1    | Entered Level 1 of the Orcish Mines
  3122 | Orc:2    | Entered Level 2 of the Orcish Mines
  3122 | Orc:2    | Found a staircase to the Elven Halls.
  3166 | Orc:2    | Found a roughly hewn altar of Beogh.
  3184 | Orc:1    | Noticed an orc sorcerer
  3190 | Orc:1    | Killed an orc sorcerer
  3190 | Orc:1    | Reached skill level 7 in Invocations
  3246 | Orc:2    | Reached skill level 8 in Dodging
  3271 | Orc:2    | Found a roughly hewn altar of Beogh.
  3390 | Orc:2    | Noticed an orc high priest
  3397 | Orc:2    | Killed an orc high priest
  3433 | Orc:2    | Noticed an orc warlord
  3433 | Orc:2    | Noticed an orc sorcerer
  3441 | Orc:2    | Killed an orc sorcerer
  3441 | Orc:2    | Reached skill level 8 in Stealth
  3441 | Orc:2    | Reached skill level 6 in Conjurations
  3442 | Orc:2    | Reached XP level 12. HP: 72/89 MP: 9/24
  3448 | Orc:2    | Killed an orc warlord
  3448 | Orc:2    | Reached skill level 8 in Poison Magic
  3464 | Orc:2    | Found a roughly hewn altar of Beogh.
  3464 | Orc:2    | Found Kuiwuh's Antique Weapon Shoppe.
  3466 | Orc:2    | Found Qaredeyxaeq's Antique Armour Emporium.
  3478 | Orc:2    | Bought a heavily runed shield for 218 gold pieces
  3488 | Orc:2    | Identified the +3 shield "Fopod" {SInv Stlth+} (You bought it in a shop on level 2 of the Orcish Mines)
  3535 | Orc:2    | Found a roughly hewn altar of Beogh.
  3540 | Orc:2    | Reached ****** piety under Cheibriados
  3574 | Orc:2    | Found a roughly hewn altar of Beogh.
  3580 | Orc:2    | Reached skill level 7 in Fighting
  3580 | Orc:2    | Reached skill level 7 in Short Blades
  3580 | Orc:2    | Reached skill level 7 in Long Blades
  3580 | Orc:2    | Reached skill level 7 in Axes
  3580 | Orc:2    | Reached skill level 7 in Maces & Flails
  3580 | Orc:2    | Reached skill level 7 in Polearms
  3580 | Orc:2    | Reached skill level 7 in Staves
  3580 | Orc:2    | Reached skill level 7 in Slings
  3580 | Orc:2    | Reached skill level 7 in Bows
  3580 | Orc:2    | Reached skill level 7 in Crossbows
  3580 | Orc:2    | Reached skill level 7 in Throwing
  3580 | Orc:2    | Reached skill level 7 in Armour
  3580 | Orc:2    | Reached skill level 7 in Shields
  3580 | Orc:2    | Reached skill level 7 in Unarmed Combat
  3580 | Orc:2    | Reached skill level 7 in Evocations
  3631 | Orc:2    | Noticed an orc warlord
  3647 | Orc:2    | Killed an orc warlord
  3662 | Orc:2    | Noticed Azrael
  3663 | Orc:2    | Noticed Saint Roka
  3663 | Orc:2    | Reached skill level 9 in Dodging
  3663 | Orc:2    | Reached skill level 9 in Spellcasting
  3663 | Orc:2    | Reached skill level 6 in Hexes
  3663 | Orc:2    | Reached skill level 6 in Charms
  3663 | Orc:2    | Reached skill level 6 in Summonings
  3663 | Orc:2    | Reached skill level 6 in Necromancy
  3663 | Orc:2    | Reached skill level 6 in Translocations
  3663 | Orc:2    | Reached skill level 6 in Transmutations
  3663 | Orc:2    | Reached skill level 6 in Fire Magic
  3663 | Orc:2    | Reached skill level 6 in Ice Magic
  3663 | Orc:2    | Reached skill level 6 in Air Magic
  3663 | Orc:2    | Reached skill level 6 in Earth Magic
  3663 | Orc:2    | Reached skill level 8 in Invocations
  3663 | Orc:2    | Reached XP level 13. HP: 95/98 MP: 11/26
  3702 | Orc:1    | Reached skill level 9 in Stealth
  3778 | Orc:2    | Killed Saint Roka
  3778 | Orc:2    | Reached skill level 8 in Fighting
  3778 | Orc:2    | Reached skill level 8 in Short Blades
  3778 | Orc:2    | Reached skill level 8 in Long Blades
  3778 | Orc:2    | Reached skill level 8 in Axes
  3778 | Orc:2    | Reached skill level 8 in Maces & Flails
  3778 | Orc:2    | Reached skill level 8 in Polearms
  3778 | Orc:2    | Reached skill level 8 in Staves
  3778 | Orc:2    | Reached skill level 8 in Slings
  3778 | Orc:2    | Reached skill level 8 in Bows
  3778 | Orc:2    | Reached skill level 8 in Crossbows
  3778 | Orc:2    | Reached skill level 8 in Throwing
  3778 | Orc:2    | Reached skill level 8 in Armour
  3778 | Orc:2    | Reached skill level 8 in Shields
  3778 | Orc:2    | Reached skill level 8 in Unarmed Combat
  3778 | Orc:2    | Reached skill level 7 in Conjurations
  3778 | Orc:2    | Reached skill level 8 in Evocations
  3785 | Orc:2    | Learned a level 5 spell: Venom Bolt
  3806 | Orc:2    | Killed Azrael
  3876 | Orc:2    | Found a roughly hewn altar of Beogh.
  3889 | Orc:2    | Found Gukkoopp's Food Shop.
  3998 | Orc:2    | Found a roughly hewn altar of Beogh.
  4010 | Orc:2    | Found Qiusenai's Magic Scroll Emporium.
  4018 | Orc:2    | Bought a scroll of acquirement for 832 gold pieces
  4020 | Orc:2    | Bought a scroll of magic mapping for 56 gold pieces
  4020 | Orc:2    | Bought a scroll of remove curse for 48 gold pieces
  4020 | Orc:2    | Bought a scroll of noise for 16 gold pieces
  4020 | Orc:2    | Bought a scroll of brand weapon for 320 gold pieces
  4020 | Orc:2    | Bought a scroll of identify for 32 gold pieces
  4064 | Elf:1    | Entered Level 1 of the Elven Halls
  4082 | Elf:1    | Reached skill level 9 in Invocations
  4088 | Elf:1    | Found a radiant altar of Vehumet.
  4114 | Elf:1    | Reached XP level 14. HP: 104/106 MP: 21/27
  4115 | Elf:1    | Reached skill level 7 in Hexes
  4115 | Elf:1    | Reached skill level 7 in Charms
  4115 | Elf:1    | Reached skill level 7 in Summonings
  4115 | Elf:1    | Reached skill level 7 in Necromancy
  4115 | Elf:1    | Reached skill level 7 in Translocations
  4115 | Elf:1    | Reached skill level 7 in Transmutations
  4115 | Elf:1    | Reached skill level 7 in Fire Magic
  4115 | Elf:1    | Reached skill level 7 in Ice Magic
  4115 | Elf:1    | Reached skill level 7 in Air Magic
  4115 | Elf:1    | Reached skill level 7 in Earth Magic
  4115 | Elf:1    | Reached skill level 9 in Poison Magic
  4190 | Elf:1    | Noticed a deep elf sorcerer
  4195 | Elf:1    | Killed a deep elf sorcerer
  4198 | Elf:1    | Reached skill level 10 in Spellcasting
  4329 | Elf:2    | Found Xasu's Book Shop.
  4353 | Elf:2    | Reached skill level 10 in Dodging
  4361 | Elf:2    | Noticed a deep elf sorcerer
  4364 | Elf:2    | Bought the Catalogue of Stones for 875 gold pieces
  4366 | Elf:2    | Killed a deep elf sorcerer
  4368 | Elf:2    | Reached skill level 9 in Fighting
  4368 | Elf:2    | Reached skill level 9 in Short Blades
  4368 | Elf:2    | Reached skill level 9 in Long Blades
  4368 | Elf:2    | Reached skill level 9 in Axes
  4368 | Elf:2    | Reached skill level 9 in Maces & Flails
  4368 | Elf:2    | Reached skill level 9 in Polearms
  4368 | Elf:2    | Reached skill level 9 in Staves
  4368 | Elf:2    | Reached skill level 9 in Slings
  4368 | Elf:2    | Reached skill level 9 in Bows
  4368 | Elf:2    | Reached skill level 9 in Crossbows
  4368 | Elf:2    | Reached skill level 9 in Throwing
  4368 | Elf:2    | Reached skill level 9 in Armour
  4368 | Elf:2    | Reached skill level 9 in Shields
  4368 | Elf:2    | Reached skill level 9 in Unarmed Combat
  4368 | Elf:2    | Reached skill level 9 in Evocations
  4381 | Elf:2    | Learned a level 5 spell: Borgnjor's Vile Clutch
  4420 | Elf:2    | Learned a level 2 spell: Passwall
  4436 | Elf:2    | Reached skill level 10 in Stealth
  4449 | Elf:2    | HP: 5/108 [drowned by a water elemental (10)]
  4449 | Elf:2    | Slain by a water elemental

Skill      XL: |  1  2  3  4  5  6  7  8  9 10 11 12 13 14 |
---------------+-------------------------------------------+-----
Conjurations   | 2 3 4 5 6 7 |  7.9
Spellcasting   | 5 6 7 8 9 10 | 10.3
Invocations    | 1 2 3 4 5 6 7 8 9 |  9.8
Fighting       | 1 2 3 4 5 6 7 8 9 |  9.0
Short Blades   | 1 2 3 4 5 6 7 8 9 |  9.0
Long Blades    | 1 2 3 4 5 6 7 8 9 |  9.0
Axes           | 1 2 3 4 5 6 7 8 9 |  9.0
Maces & Flails | 1 2 3 4 5 6 7 8 9 |  9.0
Polearms       | 1 2 3 4 5 6 7 8 9 |  9.0
Staves         | 1 2 3 4 5 6 7 8 9 |  9.0
Slings         | 1 2 3 4 5 6 7 8 9 |  9.0
Bows           | 1 2 3 4 5 6 7 8 9 |  9.0
Crossbows      | 1 2 3 4 5 6 7 8 9 |  9.0
Throwing       | 1 2 3 4 5 6 7 8 9 |  9.0
Armour         | 1 2 3 4 5 6 7 8 9 |  9.0
Shields        | 1 2 3 4 5 6 7 8 9 |  9.0
Unarmed Combat | 1 2 3 4 5 6 7 8 9 |  9.0
Evocations     | 1 2 3 4 5 6 7 8 9 |  9.0
Hexes          | 1 2 3 4 5 6 7 |  7.5
Charms         | 1 2 3 4 5 6 7 |  7.5
Summonings     | 1 2 3 4 5 6 7 |  7.5
Necromancy     | 1 2 3 4 5 6 7 |  7.5
Translocations | 1 2 3 4 5 6 7 |  7.5
Transmutations | 1 2 3 4 5 6 7 |  7.5
Fire Magic     | 1 2 3 4 5 6 7 |  7.5
Ice Magic      | 1 2 3 4 5 6 7 |  7.5
Air Magic      | 1 2 3 4 5 6 7 |  7.5
Earth Magic    | 1 2 3 4 5 6 7 |  7.5
Dodging        | 5 6 7 8 9 10 | 10.1
Stealth        | 5 6 7 8 9 10 | 10.0
Poison Magic   | 6 7 8 9 |  9.4

Action                   |  1- 3 |  4- 6 |  7- 9 | 10-12 | 13-15 || total
-------------------------+-------+-------+-------+-------+-------++-------
Melee: Hand axe          |    11 |       |       |       |       ||    11
       Bite              |     1 |     1 |    35 |    36 |    30 ||   103
       War axe           |       |    39 |   160 |    51 |   124 ||   374
       Short sword       |       |     1 |       |    15 |       ||    16
       Dagger            |       |       |       |    15 |    12 ||    27
       Scimitar          |       |       |       |    48 |       ||    48
       Staff             |       |       |       |     6 |       ||     6
 Fire: Hunting sling     |       |       |       |     9 |       ||     9
       Blowgun           |       |       |       |     2 |       ||     2
Throw: Tomahawk          |       |       |     4 |     5 |     4 ||    13
       Stone             |       |       |     1 |     2 |       ||     3
 Cast: Sting             |    35 |    23 |       |     4 |       ||    62
       Poisonous Vapours |     2 |     9 |    23 |    38 |    10 ||    82
       Mephitic Cloud    |       |     1 |     5 |     6 |       ||    12
       Olgreb's Toxic Ra |       |       |    16 |    38 |    22 ||    76
       Ozocubu's Armour  |       |       |       |     1 |       ||     1
Invok: Bend Time         |       |       |     1 |       |     2 ||     3
       Slouch            |       |       |       |     3 |     6 ||     9
 Abil: Evoke Invisibilit |       |       |     2 |     2 |     3 ||     7
Evoke: Wand              |       |     4 |     4 |     1 |     1 ||    10
  Use: Scroll            |     4 |     7 |     7 |     8 |    11 ||    37
       Potion            |     2 |     2 |     7 |     7 |     4 ||    22
 Stab: Sleeping          |     1 |       |       |     8 |     4 ||    13
       Confused          |       |       |     2 |     1 |       ||     3
       Invisible         |       |       |     5 |     6 |    10 ||    21
       Distracted        |       |       |     1 |       |     1 ||     2
  Eat: Chunk             |       |     1 |     2 |     2 |     3 ||     8
       Ration            |       |       |     1 |     2 |     2 ||     5
Armor: Robe              |     2 |    14 |    23 |    10 |       ||    49
       Troll leather arm |       |       |       |     8 |    21 ||    29
Dodge: Dodged            |    15 |    65 |   129 |    89 |    85 ||   383
Block: Shield            |       |       |    91 |    86 |   105 ||   282
       Rpst.: Scimitar   |       |       |       |     2 |       ||     2

Table legend:
 A = Turns spent in this place as a percentage of turns spent in the entire game.
 B = Non-inter-level travel turns spent in this place as a percentage of non-inter-level travel turns spent in the entire game.
 C = Inter-level travel turns spent in this place as a percentage of turns spent in this place.
 D = Turns resting spent in this place as a percentage of non-inter-level travel turns spent in this place.
 E = Turns spent auto-exploring this place as a percentage of non-inter-level travel turns spent in this place.
 F = Non-inter-level travel turns spent in this place divided by the number of levels of this place that you've seen.
                   A       B       C       D       E      F
               +-------+-------+-------+-------+-------+----------------------
         Total | 100.0 | 100.0 |   1.4 |   0.0 |   0.0 | 274.1
       Dungeon |  55.6 |  55.7 |   1.3 |   0.0 |   0.0 | 244.2
  Orcish Mines |  22.5 |  22.1 |   3.2 |   0.0 |   0.0 | 484.0
   Elven Halls |   8.7 |   8.8 |   0.0 |   0.0 |   0.0 | 192.5
         Sewer |   7.3 |   7.4 |   0.0 |   0.0 |   0.0 | 326.0
        Bailey |   5.9 |   6.0 |   0.0 |   0.0 |   0.0 | 264.0
               +-------+-------+-------+-------+-------+----------------------

Table legend:
 A = Kills in this place as a percentage of kills in entire the game.
 B = Kills by you in this place as a percentage of kills by you in the entire game.
 C = Kills by friends in this place as a percentage of kills by friends in the entire game.
 D = Other kills in this place as a percentage of other kills in the entire game.
 E = Experience gained in this place as a percentage of experience gained in the entire game.
 F = Experience gained in this place divided by the number of levels of this place that you have seen.
                   A       B       C       D       E      F
               +-------+-------+-------+-------+-------+----------------------
         Total | 100.0 | 100.0 | 100.0 | 100.0 | 100.0 | 3649.7
       Dungeon |  30.6 |  30.8 |   0.0 |  25.0 |  16.8 | 980.9
  Orcish Mines |  34.6 |  34.6 | 100.0 |   0.0 |  32.3 | 9418.5
   Elven Halls |  11.6 |  11.3 |   0.0 |  50.0 |  43.5 | 12705.5
         Sewer |  12.7 |  12.6 |   0.0 |  25.0 |   0.8 | 470.0
        Bailey |  10.6 |  10.7 |   0.0 |   0.0 |   6.6 | 3868.0
               +-------+-------+-------+-------+-------+----------------------

Vault maps used:
D:1:      dpeg_arrival_three_smaller_balls, minivault_11
D:2:      first_ration, bloody_makhleb
D:3:      kennysheep_slug_shrine, uniq_terence, uniq_robin
D:4:      eat_drink_and_be_merry_uskayaw
D:5:      minmay_temple_entry_junction, serial_shops, shop,
          portal_sewer_entry_f, uniq_pikel, uniq_grinder, uniq_prince_ribbit1
D:6:      marbit_many_paths, serial_shops, shop
D:7:      serial_shops, shop
D:8:      bloody_trog, okawaru_ov_weapons_minmay, kennysheep_little_box,
          lemuel_coloured_pillars_altar, kennysheep_mini, lair_entry_dummy,
          uniq_maurice, uniq_joseph, uniq_gastronok
D:9:      kennysheep_mini_moat, minmay_orc_entry_temple_small, enter_bailey_2,
          serial_shops, shop_scrolls, blue_anna_alchemist, uniq_erica
D:10:     serial_curves, eino_curves_02, eino_curves_01, uniq_grum
Orc:2:    grunt_orc_community_town_hall, grunt_orc_community_big_house_2,
          grunt_orc_community_big_house_2, grunt_orc_community_house_2,
          grunt_orc_community_house_2, grunt_orc_community_house_3,
          grunt_orc_community_house_3, grunt_orc_community_house_3,
          grunt_orc_community_house_1, uniq_saint_roka, uniq_azrael
Elf:1:    eino_elf_arrival_altar, orc_legates
Elf:2:    enter_trove_3, serial_shops, shop, uniq_agnes
Sewer:    sewer_minmay_treatment
Bailey:   bailey_polearm_5, bailey
